Rangers vs Jets
Created - February 7, 2021 at 20:24
Goals
|
| Rangers |
0 |
3 |
0 |
3 |
| Jets |
2 |
0 |
2 |
4 |
|
Shots
|
| Rangers |
8 |
15 |
15 |
38 |
| Jets |
8 |
5 |
14 |
27 |
|
1st period
1. Jets , Ronalds Kenins 5 (Miro Aaltonen 1, Marcus Johansson 24) at 10:48
2. Jets , Marcus Johansson 18 (Jimmy Vesey 4, Erik Haula 17) at 14:24
Penalties :
Jimmy Vesey (Win) for Roughing (Minor) at 11:52
2nd period
3. Rangers , Sean Couturier 15 (Kyle Okposo 17, Luke Schenn 19) at 0:30
4. Rangers , Milan Lucic 27 (Jakob Silfverberg 23, Luke Schenn 20) at 0:42
5. Rangers , Steve Quailer 6 (Tomas Hertl 9, Chris Bourque 12) at 2:57
Penalties :
Tyler Myers (Win) for Tripping (Minor) at 3:21, Dmitry Kulikov (NYR) for High sticking (Minor) at 14:18
3rd period
6. Jets , Derek Stepan 17 (Marcus Johansson 25) at 1:35
7. Jets , Ronalds Kenins 6 (Dougie Hamilton 11) at 6:27
Penalties :
Dmitry Kulikov (NYR) for High sticking (Minor) at 11:54, Kyle Okposo (NYR) for Hooking (Minor) at 16:14
Goalie Stats
Frederik Andersen (NYR), 23 saves from 27 shots - (0.852), L, 14-19-3, 58:45 minutes
Jonathan Bernier (Win), 35 saves from 38 shots - (0.921), W, 5-13-1, 60:00 minutes
Players Stats for Rangers
Player Name G A P +/- PIM S H SB GA TA FO MP PP MP PK MP
------------------------------------------------------------------------------------
Cam Barker 0 0 0 1 0 1 2 1 0 2 0/0 29:20 2:07 3:04
Chris Bourque 0 1 1 1 0 2 2 2 0 1 0/1 12:46 0:00 1:01
Devante Smith-Pelly 0 0 0 -2 0 1 0 0 0 0 0/0 6:05 0:00 0:00
Dmitry Kulikov 0 0 0 -1 4 3 2 1 0 0 0/0 18:08 1:51 0:49
Jakob Silfverberg 0 1 1 0 0 6 0 0 1 0 3/4 23:19 2:10 3:12
Kyle Okposo 0 1 1 0 2 0 1 1 0 0 0/0 16:31 1:48 0:00
Luke Schenn 0 2 2 1 0 2 1 1 1 0 0/0 29:20 2:07 3:04
Magnus Paajarvi 0 0 0 -2 0 1 0 0 0 0 0/0 6:05 0:00 0:00
Mark Fistric 0 0 0 -1 0 0 1 2 0 0 0/0 19:55 1:51 2:53
Matt Delahey 0 0 0 -1 0 1 4 1 0 1 0/0 12:16 0:00 1:31
Maxime Sauvé 0 0 0 -2 0 0 0 0 0 0 2/5 6:05 0:00 0:00
Milan Lucic 1 0 1 0 0 6 3 0 0 1 4/7 23:27 2:10 3:20
Patrice Bergeron 0 0 0 0 0 3 4 1 1 0 20/29 21:46 2:10 1:33
Patrik Nemeth 0 0 0 -1 0 0 3 1 0 1 0/0 11:34 0:00 0:33
Rostislav Olesz 0 0 0 0 0 3 3 0 0 0 0/0 16:00 1:48 0:00
Sean Couturier 1 0 1 0 0 3 1 0 0 0 7/16 18:18 1:48 1:40
Steve Quailer 1 0 1 1 0 3 2 1 0 1 0/0 10:44 0:00 0:00
Tomas Hertl 0 1 1 1 0 3 3 0 0 0 1/5 12:21 0:00 1:08
Players Stats for Jets
Player Name G A P +/- PIM S H SB GA TA FO MP PP MP PK MP
------------------------------------------------------------------------------------
Adam Henrique 0 0 0 -1 0 2 1 0 1 0 0/0 17:08 2:56 0:00
Corey Perry 0 0 0 0 0 1 2 0 0 0 0/1 17:30 2:56 0:00
Derek Stepan 1 0 1 0 0 3 2 1 2 1 8/20 19:24 2:56 2:14
Dougie Hamilton 0 1 1 1 0 0 1 1 0 0 0/0 20:25 2:05 2:05
Dwight King 0 0 0 -1 0 2 2 1 2 0 0/0 12:55 0:00 0:00
Erik Haula 0 1 1 0 0 0 1 0 1 2 7/12 15:39 0:00 1:35
Jimmy Vesey 0 1 1 0 2 2 1 0 0 0 0/0 13:27 0:00 0:00
Josh Bailey 0 0 0 2 0 0 2 0 0 0 0/0 7:19 0:00 0:00
Marco Scandella 0 0 0 1 0 3 3 1 1 0 0/0 22:33 2:05 1:53
Marcus Johansson 1 2 3 1 0 2 2 0 0 0 1/2 18:18 3:01 0:34
Michael Matheson 0 0 0 2 0 2 1 2 0 0 0/0 13:44 0:08 0:56
Miro Aaltonen 0 1 1 2 0 0 0 0 0 0 2/3 7:19 0:00 0:00
Nino Niederreiter 0 0 0 -1 0 2 1 1 0 0 1/2 19:26 3:01 1:21
Ronalds Kenins 2 0 2 2 0 2 1 0 0 0 0/1 9:31 0:00 2:12
Ryan Johansen 0 0 0 -1 0 2 0 0 0 0 11/26 17:52 3:01 0:00
Troy Stetcher 0 0 0 2 0 1 0 1 0 0 0/0 12:05 0:08 0:00
Tyler Myers 0 0 0 -2 2 3 4 1 0 0 0/0 24:38 3:44 1:09
Victor Hedman 0 0 0 -2 0 0 2 0 0 0 0/0 26:47 3:44 1:53
3 Stars
1 - Ronalds Kenins (Win)
2 - Marcus Johansson (Win)
3 - Steve Quailer (NYR)
Power Play
Rangers - 0 on 2 Attempt(s) - 0.00%
Jets - 0 on 3 Attempt(s) - 0.00%
Penalty Kill
Rangers - 3 on 3 Attempt(s) - 100.00%
- Score 0 goal in Penalty Kill
Jets - 2 on 2 Attempt(s) - 100.00%
- Score 0 goal in Penalty Kill
Team Stat
Rangers - Hits : 32 - Faceoff Wins : 37 - Blocked Shots : 12 - Penalty Minutes : 6
Jets - Hits : 26 - Faceoff Wins : 30 - Blocked Shots : 9 - Penalty Minutes : 4
Official
Referees : Unknown
Linesman : Unknown
Game Notes
No Game Note
Finance
Level 1 -- Attendance: 5677 (94.62%) -- Ticket Income $596,085
Level 2 -- Attendance: 5000 (100.00%) -- Ticket Income $325,000
Level 3 -- Attendance: 1850 (92.50%) -- Ticket Income $77,700
Level 4 -- Attendance: 3974 (99.35%) -- Ticket Income $95,376
Luxury Box -- Attendance: 994 (99.40%) -- Ticket Income $180,908
Game was played at the MTS Center.
Total Attendance: 17495 (97.19%)
Total Ticket Income: $1,275,069
Other Income: $191,260
Total Income: $1,466,329
Rangers
5 vs 5 Forward
Center Left Wing Right Wing Time % Phy DF OF
1 Patrice Bergeron Milan Lucic Jakob Silfverberg 40 1 2 2
2 Sean Couturier Rostislav Olesz Kyle Okposo 30 1 2 2
3 Tomas Hertl Chris Bourque Steve Quailer 20 1 2 2
4 Maxime Sauvé Magnus Paajarvi Devante Smith-Pelly 10 1 2 2
5 vs 5 Defense
Defense Defense Time % Phy DF OF
1 Luke Schenn Cam Barker 40 1 2 2
2 Mark Fistric Dmitry Kulikov 30 1 2 2
3 Patrik Nemeth Matt Delahey 20 1 2 2
4 Luke Schenn Cam Barker 10 1 2 2
PowerPlay Forward
Center Left Wing Right Wing Time % Phy DF OF
1 Patrice Bergeron Milan Lucic Jakob Silfverberg 60 1 2 2
2 Sean Couturier Rostislav Olesz Kyle Okposo 40 1 2 2
PowerPlay Defense
Defense Defense Time % Phy DF OF
1 Luke Schenn Cam Barker 60 1 2 2
2 Mark Fistric Dmitry Kulikov 40 1 2 2
Penalty Kill 4 Players Forward
Center Wing Time % Phy DF OF
1 Milan Lucic Jakob Silfverberg 60 1 2 2
2 Patrice Bergeron Sean Couturier 40 1 2 2
Penalty Kill 4 Players Defense
Defense Defense Time % Phy DF OF
1 Luke Schenn Cam Barker 60 1 2 2
2 Mark Fistric Dmitry Kulikov 40 1 2 2
Penalty Kill - 3 Players Forward
Forward Time % Phy DF OF
1 Milan Lucic 60 1 2 2
2 Jakob Silfverberg 40 1 2 2
Penalty Kill - 3 Players Defense
Defense Defense Time % Phy DF OF
1 Luke Schenn Cam Barker 60 1 2 2
2 Mark Fistric Dmitry Kulikov 40 1 2 2
4 vs 4 Forward
Center Wing Time % Phy DF OF
1 Milan Lucic Jakob Silfverberg 60 1 2 2
2 Patrice Bergeron Sean Couturier 40 1 2 2
4 vs 4 Defense
Defense Defense Time % Phy DF OF
1 Luke Schenn Cam Barker 60 1 2 2
2 Mark Fistric Dmitry Kulikov 40 1 2 2
Last Minutes Offensive
Center Left Wing Right Wing Defense Defense
Patrice Bergeron Milan Lucic Jakob Silfverberg Luke Schenn Cam Barker
Last Minutes Defensive
Center Left Wing Right Wing Defense Defense
Patrice Bergeron Milan Lucic Jakob Silfverberg Luke Schenn Cam Barker
Goaltenders
Starting : Frederik Andersen
Backup : Mike Condon
Extra Forwards
Normal : Steve Quailer, Chris Bourque, Tomas Hertl - PP : Steve Quailer, Chris Bourque - PK : Tomas Hertl
Extra Defensemen
Normal : Patrik Nemeth, Matt Delahey, Mark Fistric - PP : Patrik Nemeth - PK : Matt Delahey, Mark Fistric
Penalty Shots
Milan Lucic, Jakob Silfverberg, Patrice Bergeron, Sean Couturier, Kyle Okposo
Scratches
None
Jets
5 vs 5 Forward
Center Left Wing Right Wing Time % Phy DF OF
1 Ryan Johansen Adam Henrique Nino Niederreiter 30 1 2 2
2 Derek Stepan Marcus Johansson Corey Perry 30 1 2 2
3 Erik Haula Dwight King Jimmy Vesey 25 1 2 2
4 Miro Aaltonen Ronalds Kenins Josh Bailey 15 1 2 2
5 vs 5 Defense
Defense Defense Time % Phy DF OF
1 Victor Hedman Tyler Myers 40 1 2 2
2 Dougie Hamilton Marco Scandella 30 1 2 2
3 Troy Stetcher Michael Matheson 20 1 2 2
4 Victor Hedman Marco Scandella 10 1 2 2
PowerPlay Forward
Center Left Wing Right Wing Time % Phy DF OF
1 Ryan Johansen Marcus Johansson Nino Niederreiter 55 1 0 4
2 Derek Stepan Adam Henrique Corey Perry 45 1 0 4
PowerPlay Defense
Defense Defense Time % Phy DF OF
1 Victor Hedman Tyler Myers 60 0 1 4
2 Dougie Hamilton Marco Scandella 40 0 1 4
Penalty Kill 4 Players Forward
Center Wing Time % Phy DF OF
1 Derek Stepan Ronalds Kenins 60 1 3 1
2 Erik Haula Nino Niederreiter 40 1 3 1
Penalty Kill 4 Players Defense
Defense Defense Time % Phy DF OF
1 Dougie Hamilton Tyler Myers 60 1 4 0
2 Victor Hedman Marco Scandella 40 1 4 0
Penalty Kill - 3 Players Forward
Forward Time % Phy DF OF
1 Erik Haula 60 1 2 2
2 Nino Niederreiter 40 1 2 2
Penalty Kill - 3 Players Defense
Defense Defense Time % Phy DF OF
1 Tyler Myers Dougie Hamilton 60 1 2 2
2 Marco Scandella Victor Hedman 40 1 2 2
4 vs 4 Forward
Center Wing Time % Phy DF OF
1 Ryan Johansen Adam Henrique 60 1 2 2
2 Derek Stepan Nino Niederreiter 40 1 2 2
4 vs 4 Defense
Defense Defense Time % Phy DF OF
1 Dougie Hamilton Tyler Myers 60 1 2 2
2 Victor Hedman Marco Scandella 40 1 2 2
Last Minutes Offensive
Center Left Wing Right Wing Defense Defense
Ryan Johansen Adam Henrique Corey Perry Victor Hedman Marco Scandella
Last Minutes Defensive
Center Left Wing Right Wing Defense Defense
Ryan Johansen Erik Haula Nino Niederreiter Marco Scandella Tyler Myers
Goaltenders
Starting : Jonathan Bernier
Backup : Kari Lehtonen
Extra Forwards
Normal : Nino Niederreiter, Corey Perry, Adam Henrique - PP : Nino Niederreiter, Corey Perry - PK : Nino Niederreiter
Extra Defensemen
Normal : Victor Hedman, Marco Scandella, Dougie Hamilton - PP : Tyler Myers - PK : Michael Matheson, Marco Scandella
Penalty Shots
Nino Niederreiter, Corey Perry, Adam Henrique, Ryan Johansen, Erik Haula
Scratches
Robert Hagg (Bruised Left Shoulder Injury)
% Time on Ice - Rangers
Lines # - Real PCT - Wanted PCT - Time Play
Normal Forward
1 - 37% - 40% - 17:56
2 - 29% - 30% - 14:18
3 - 22% - 20% - 10:32
4 - 12% - 10% - 6:05
Normal Defense
1 - 40% - 40% - 19:25
2 - 31% - 30% - 15:11
3 - 22% - 20% - 10:45
4 - 7% - 10% - 3:30
PP Forward
1 - 55% - 60% - 2:10
2 - 45% - 40% - 1:48
PP Defense
1 - 53% - 60% - 2:07
2 - 47% - 40% - 1:51
PK Forward
1 - 74% - 60% - 4:24
2 - 26% - 40% - 1:33
PK Defense
1 - 52% - 60% - 3:04
2 - 48% - 40% - 2:53
PK3 Forward
1 - 0% - 60%
2 - 0% - 40%
PK3 Defense
1 - 0% - 60%
2 - 0% - 40%
44 Forward
1 - 0% - 60%
2 - 0% - 40%
44 Defense
1 - 0% - 60%
2 - 0% - 40%
Last Minute Offensive - 1:14
Last Minute Defensive - 0:00
Total
Forward - 60:00
Defense - 60:00
|
% Time on Ice - Jets
Lines # - Real PCT - Wanted PCT - Time Play
Normal Forward
1 - 30% - 30% - 14:41
2 - 29% - 30% - 14:27
3 - 26% - 25% - 12:55
4 - 15% - 15% - 7:19
Normal Defense
1 - 40% - 40% - 19:33
2 - 31% - 30% - 15:10
3 - 24% - 20% - 11:57
4 - 5% - 10% - 2:42
PP Forward
1 - 51% - 55% - 3:01
2 - 49% - 45% - 2:56
PP Defense
1 - 65% - 60% - 3:52
2 - 35% - 40% - 2:05
PK Forward
1 - 74% - 60% - 2:55
2 - 26% - 40% - 1:03
PK Defense
1 - 53% - 60% - 2:05
2 - 47% - 40% - 1:53
PK3 Forward
1 - 0% - 60%
2 - 0% - 40%
PK3 Defense
1 - 0% - 60%
2 - 0% - 40%
44 Forward
1 - 0% - 60%
2 - 0% - 40%
44 Defense
1 - 0% - 60%
2 - 0% - 40%
Last Minute Offensive - 0:00
Last Minute Defensive - 0:43
Total
Forward - 60:00
Defense - 60:00
|
Play-by-Play
1st period
0:01 of 1st period - Ryan Johansen wins face-off versus Patrice Bergeron in neutral zone.
0:35 of 1st period - Wrist shot by Sean Couturier.
0:35 of 1st period - Shot Misses the Net.
0:37 of 1st period - Slapshot by Luke Schenn.
0:37 of 1st period - Deflect By Sean Couturier.
0:37 of 1st period - Shot Misses the Net.
0:37 of 1st period - Puck is out of play.
0:38 of 1st period - Erik Haula wins face-off versus Chris Bourque in Jets zone.
1:31 of 1st period - Snap shot by Milan Lucic.
1:31 of 1st period - Shot Misses the Net.
1:33 of 1st period - Wrist shot by Patrice Bergeron.
1:33 of 1st period - Stopped by Jonathan Bernier with a rebound.
1:35 of 1st period - Slapshot by Dmitry Kulikov.
1:35 of 1st period - Shot Misses the Net.
1:37 of 1st period - Wrist shot by Patrice Bergeron.
1:37 of 1st period - Shot Misses the Net.
1:39 of 1st period - Backhand shot by Jakob Silfverberg.
1:39 of 1st period - Stopped by Jonathan Bernier without a rebound.
1:40 of 1st period - Sean Couturier wins face-off versus Ryan Johansen in Jets zone.
1:43 of 1st period - Snap shot by Kyle Okposo.
1:43 of 1st period - Shot Misses the Net.
2:09 of 1st period - Off-side.
2:10 of 1st period - Patrice Bergeron wins face-off versus Erik Haula in neutral zone.
2:34 of 1st period - Patrice Bergeron is hit by Dwight King and loses puck.
3:05 of 1st period - Snap shot by Patrice Bergeron.
3:05 of 1st period - Stopped by Jonathan Bernier without a rebound.
3:06 of 1st period - Derek Stepan wins face-off versus Sean Couturier in Jets zone.
3:15 of 1st period - Wrist shot by Corey Perry.
3:15 of 1st period - Deflect By Marcus Johansson.
3:15 of 1st period - Stopped by Frederik Andersen with a rebound.
3:17 of 1st period - Slapshot by Tyler Myers.
3:17 of 1st period - Shot Blocked by Matt Delahey.
3:19 of 1st period - Snap shot by Tyler Myers.
3:19 of 1st period - Shot Blocked by Kyle Okposo.
3:21 of 1st period - Snap shot by Victor Hedman.
3:21 of 1st period - Shot Misses the Net.
3:23 of 1st period - Wrist shot by Tyler Myers.
3:23 of 1st period - Stopped by Frederik Andersen without a rebound.
3:24 of 1st period - Ryan Johansen wins face-off versus Tomas Hertl in Rangers zone.
3:28 of 1st period - Icing by Dmitry Kulikov.
3:29 of 1st period - Nino Niederreiter wins face-off versus Tomas Hertl in Rangers zone.
3:46 of 1st period - Wrist shot by Nino Niederreiter.
3:46 of 1st period - Shot Blocked by Mark Fistric.
3:56 of 1st period - Slapshot by Dmitry Kulikov.
3:56 of 1st period - Stopped by Jonathan Bernier without a rebound.
3:57 of 1st period - Derek Stepan wins face-off versus Sean Couturier in Jets zone.
4:10 of 1st period - Backhand shot by Corey Perry.
4:10 of 1st period - Stopped by Frederik Andersen with a rebound.
4:22 of 1st period - Devante Smith-Pelly is hit by Josh Bailey and loses puck.
4:29 of 1st period - Troy Stetcher is hit by Patrik Nemeth and loses puck.
4:50 of 1st period - Adam Henrique is hit by Patrik Nemeth and loses puck.
5:15 of 1st period - Rostislav Olesz is hit by Erik Haula and loses puck.
5:47 of 1st period - Off-side.
5:48 of 1st period - Miro Aaltonen wins face-off versus Maxime Sauvé in neutral zone.
5:51 of 1st period - Cam Barker is hit by Josh Bailey.
6:42 of 1st period - Cam Barker is hit by Marco Scandella.
6:58 of 1st period - Wrist shot by Dwight King.
6:58 of 1st period - Stopped by Frederik Andersen with a rebound.
7:38 of 1st period - Ronalds Kenins is hit by Matt Delahey and loses puck.
8:24 of 1st period - Wrist shot by Ryan Johansen.
8:24 of 1st period - Shot Blocked by Chris Bourque.
8:26 of 1st period - Slapshot by Victor Hedman.
8:26 of 1st period - Shot Misses the Net.
8:28 of 1st period - Slapshot by Victor Hedman.
8:28 of 1st period - Shot Blocked by Dmitry Kulikov.
8:30 of 1st period - Slapshot by Tyler Myers.
8:30 of 1st period - Deflect By Mark Fistric.
8:30 of 1st period - Stopped by Frederik Andersen with a rebound.
8:54 of 1st period - Wrist shot by Derek Stepan.
8:54 of 1st period - Shot Misses the Net.
10:48 of 1st period - Wrist shot by Ronalds Kenins.
10:48 of 1st period - Goal by Ronalds Kenins - Rangers : 0 - Jets : 1.
10:49 of 1st period - Patrice Bergeron wins face-off versus Ryan Johansen in neutral zone.
10:59 of 1st period - Snap shot by Adam Henrique.
10:59 of 1st period - Deflect By Milan Lucic.
10:59 of 1st period - Shot Misses the Net.
10:59 of 1st period - Puck is out of play.
11:00 of 1st period - Jakob Silfverberg wins face-off versus Ryan Johansen in Rangers zone.
11:27 of 1st period - Cam Barker is hit by Tyler Myers and loses puck.
11:50 of 1st period - Slapshot by Luke Schenn.
11:50 of 1st period - Shot Blocked by Marco Scandella.
11:52 of 1st period - Minor Penalty to Jimmy Vesey for Roughing.
11:53 of 1st period - Patrice Bergeron wins face-off versus Derek Stepan in Jets zone.
12:04 of 1st period - Slapshot by Milan Lucic.
12:04 of 1st period - Shot Misses the Net.
12:06 of 1st period - Wrist shot by Milan Lucic.
12:06 of 1st period - Shot Misses the Net.
12:08 of 1st period - Backhand shot by Mark Fistric.
12:08 of 1st period - Shot Blocked by Derek Stepan.
12:10 of 1st period - Snap shot by Patrice Bergeron.
12:10 of 1st period - Shot Misses the Net.
12:20 of 1st period - Derek Stepan is hit by Dmitry Kulikov and loses puck.
13:52 of 1st period - Penalty to Jimmy Vesey is over, Jimmy Vesey is back on ice.
14:00 of 1st period - Wrist shot by Erik Haula.
14:00 of 1st period - Shot Misses the Net.
14:02 of 1st period - Slapshot by Troy Stetcher.
14:02 of 1st period - Shot Blocked by Cam Barker.
14:22 of 1st period - Snap shot by Jimmy Vesey.
14:22 of 1st period - Shot Misses the Net.
14:24 of 1st period - Snap shot by Marcus Johansson.
14:24 of 1st period - Goal by Marcus Johansson - Rangers : 0 - Jets : 2.
14:25 of 1st period - Patrice Bergeron wins face-off versus Nino Niederreiter in neutral zone.
14:30 of 1st period - Victor Hedman is hit by Patrice Bergeron and loses puck.
14:51 of 1st period - Miro Aaltonen is hit by Matt Delahey.
15:05 of 1st period - Kyle Okposo is hit by Ronalds Kenins and loses puck.
15:25 of 1st period - Steve Quailer is hit by Corey Perry and loses puck.
15:38 of 1st period - Slapshot by Dmitry Kulikov.
15:38 of 1st period - Stopped by Jonathan Bernier with a rebound.
15:45 of 1st period - Off-side.
15:46 of 1st period - Patrice Bergeron wins face-off versus Erik Haula in neutral zone.
17:18 of 1st period - Snap shot by Tomas Hertl.
17:18 of 1st period - Shot Misses the Net.
17:20 of 1st period - Snap shot by Matt Delahey.
17:20 of 1st period - Stopped by Jonathan Bernier with a rebound.
17:32 of 1st period - Marco Scandella is hit by Patrik Nemeth and loses puck.
17:41 of 1st period - Snap shot by Milan Lucic.
17:41 of 1st period - Stopped by Jonathan Bernier with a rebound.
17:57 of 1st period - Snap shot by Devante Smith-Pelly.
17:57 of 1st period - Stopped by Jonathan Bernier with a rebound.
17:59 of 1st period - Wrist shot by Maxime Sauvé.
17:59 of 1st period - Shot Misses the Net.
18:19 of 1st period - Marco Scandella is hit by Chris Bourque and loses puck.
18:52 of 1st period - Snap shot by Adam Henrique.
18:52 of 1st period - Shot Misses the Net.
18:54 of 1st period - Slapshot by Marco Scandella.
18:54 of 1st period - Stopped by Frederik Andersen without a rebound.
18:55 of 1st period - Patrice Bergeron wins face-off versus Derek Stepan in Rangers zone.
18:59 of 1st period - Off-side.
19:00 of 1st period - Patrice Bergeron wins face-off versus Derek Stepan in neutral zone.
19:15 of 1st period - Cam Barker is hit by Tyler Myers and loses puck.
Goals for this period are 0 for Rangers vs 2 for Jets.
Shots for this period are 8 for Rangers vs 8 for Jets.
2nd period
0:01 of 2nd period - Patrice Bergeron wins face-off versus Derek Stepan in neutral zone.
0:10 of 2nd period - Snap shot by Jakob Silfverberg.
0:10 of 2nd period - Shot Misses the Net.
0:28 of 2nd period - Wrist shot by Sean Couturier.
0:28 of 2nd period - Shot Misses the Net.
0:30 of 2nd period - Wrist shot by Sean Couturier.
0:30 of 2nd period - Goal by Sean Couturier - Rangers : 1 - Jets : 2.
0:31 of 2nd period - Patrice Bergeron wins face-off versus Derek Stepan in neutral zone.
0:42 of 2nd period - Snap shot by Milan Lucic.
0:42 of 2nd period - Goal by Milan Lucic - Rangers : 2 - Jets : 2.
0:43 of 2nd period - Patrice Bergeron wins face-off versus Derek Stepan in neutral zone.
0:58 of 2nd period - Snap shot by Corey Perry.
0:58 of 2nd period - Shot Misses the Net.
1:00 of 2nd period - Slapshot by Victor Hedman.
1:00 of 2nd period - Shot Blocked by Luke Schenn.
1:15 of 2nd period - Slapshot by Ryan Johansen.
1:15 of 2nd period - Shot Blocked by Patrice Bergeron.
1:36 of 2nd period - Marco Scandella is hit by Matt Delahey and loses puck.
2:26 of 2nd period - Marco Scandella is hit by Mark Fistric and loses puck.
2:37 of 2nd period - Snap shot by Rostislav Olesz.
2:37 of 2nd period - Stopped by Jonathan Bernier with a rebound.
2:39 of 2nd period - Backhand shot by Sean Couturier.
2:39 of 2nd period - Shot Misses the Net.
2:43 of 2nd period - Snap shot by Sean Couturier.
2:43 of 2nd period - Stopped by Jonathan Bernier without a rebound.
2:44 of 2nd period - Erik Haula wins face-off versus Tomas Hertl in Jets zone.
2:57 of 2nd period - Snap shot by Steve Quailer.
2:57 of 2nd period - Deflect By Tyler Myers.
2:57 of 2nd period - Goal by Steve Quailer - Rangers : 3 - Jets : 2.
2:58 of 2nd period - Patrice Bergeron wins face-off versus Derek Stepan in neutral zone.
3:00 of 2nd period - Luke Schenn is hit by Victor Hedman and loses puck.
3:11 of 2nd period - Wrist shot by Milan Lucic.
3:11 of 2nd period - Stopped by Jonathan Bernier with a rebound.
3:21 of 2nd period - Minor Penalty to Tyler Myers for Tripping.
3:22 of 2nd period - Derek Stepan wins face-off versus Jakob Silfverberg in Jets zone.
4:00 of 2nd period - Wrist shot by Sean Couturier.
4:00 of 2nd period - Stopped by Jonathan Bernier without a rebound.
4:01 of 2nd period - Erik Haula wins face-off versus Patrice Bergeron in Jets zone.
4:01 of 2nd period - Erik Haula is hit by Milan Lucic.
4:15 of 2nd period - Backhand shot by Jakob Silfverberg.
4:15 of 2nd period - Shot Blocked by Dougie Hamilton.
4:52 of 2nd period - Marco Scandella is hit by Patrice Bergeron and loses puck.
5:03 of 2nd period - Derek Stepan is hit by Rostislav Olesz and loses puck.
5:21 of 2nd period - Penalty to Tyler Myers is over, Tyler Myers is back on ice.
5:26 of 2nd period - Erik Haula is hit by Milan Lucic and loses puck.
6:10 of 2nd period - Ronalds Kenins is hit by Rostislav Olesz and loses puck.
6:46 of 2nd period - Off-side.
6:47 of 2nd period - Ryan Johansen wins face-off versus Maxime Sauvé in neutral zone.
6:52 of 2nd period - Snap shot by Nino Niederreiter.
6:52 of 2nd period - Deflect By Ryan Johansen.
6:52 of 2nd period - Shot Blocked by Patrik Nemeth.
6:52 of 2nd period - Puck is out of play.
6:53 of 2nd period - Derek Stepan wins face-off versus Milan Lucic in Rangers zone.
7:24 of 2nd period - Wrist shot by Rostislav Olesz.
7:24 of 2nd period - Stopped by Jonathan Bernier without a rebound.
7:25 of 2nd period - Sean Couturier wins face-off versus Ryan Johansen in Jets zone.
8:17 of 2nd period - Michael Matheson is hit by Dmitry Kulikov and loses puck.
8:24 of 2nd period - Snap shot by Tomas Hertl.
8:24 of 2nd period - Deflect By Steve Quailer.
8:24 of 2nd period - Stopped by Jonathan Bernier with a rebound.
9:20 of 2nd period - Off-side.
9:21 of 2nd period - Erik Haula wins face-off versus Patrice Bergeron in neutral zone.
9:26 of 2nd period - Backhand shot by Jimmy Vesey.
9:26 of 2nd period - Shot Misses the Net.
9:31 of 2nd period - Luke Schenn is hit by Tyler Myers and loses puck.
9:36 of 2nd period - Snap shot by Patrice Bergeron.
9:36 of 2nd period - Shot Misses the Net.
9:40 of 2nd period - Snap shot by Patrice Bergeron.
9:40 of 2nd period - Stopped by Jonathan Bernier with a rebound.
9:44 of 2nd period - Wrist shot by Jakob Silfverberg.
9:44 of 2nd period - Stopped by Jonathan Bernier without a rebound.
9:45 of 2nd period - Sean Couturier wins face-off versus Ryan Johansen in Jets zone.
9:46 of 2nd period - Snap shot by Rostislav Olesz.
9:46 of 2nd period - Shot Misses the Net.
9:48 of 2nd period - Snap shot by Mark Fistric.
9:48 of 2nd period - Deflect By Sean Couturier.
9:48 of 2nd period - Shot Blocked by Nino Niederreiter.
9:48 of 2nd period - Puck is out of play.
9:49 of 2nd period - Sean Couturier wins face-off versus Ryan Johansen in Jets zone.
9:57 of 2nd period - Off-side.
9:58 of 2nd period - Patrice Bergeron wins face-off versus Ryan Johansen in neutral zone.
10:25 of 2nd period - Snap shot by Jimmy Vesey.
10:25 of 2nd period - Stopped by Frederik Andersen with a rebound.
10:27 of 2nd period - Snap shot by Jimmy Vesey.
10:27 of 2nd period - Shot Misses the Net.
10:29 of 2nd period - Slapshot by Michael Matheson.
10:29 of 2nd period - Stopped by Frederik Andersen with a rebound.
10:37 of 2nd period - Jakob Silfverberg is hit by Jimmy Vesey and loses puck.
10:48 of 2nd period - Michael Matheson is hit by Kyle Okposo and loses puck.
11:26 of 2nd period - Victor Hedman is hit by Tomas Hertl and loses puck.
11:44 of 2nd period - Cam Barker is hit by Tyler Myers and loses puck.
12:29 of 2nd period - Backhand shot by Cam Barker.
12:29 of 2nd period - Deflect By Tomas Hertl.
12:29 of 2nd period - Stopped by Jonathan Bernier with a rebound.
12:31 of 2nd period - Slapshot by Steve Quailer.
12:31 of 2nd period - Stopped by Jonathan Bernier without a rebound.
12:32 of 2nd period - Jakob Silfverberg wins face-off versus Corey Perry in Jets zone.
13:55 of 2nd period - Icing by Dougie Hamilton.
13:56 of 2nd period - Derek Stepan wins face-off versus Sean Couturier in Jets zone.
14:01 of 2nd period - Dmitry Kulikov is hit by Derek Stepan and loses puck.
14:18 of 2nd period - Minor Penalty to Dmitry Kulikov for High sticking.
14:19 of 2nd period - Milan Lucic wins face-off versus Ryan Johansen in Rangers zone.
14:46 of 2nd period - Matt Delahey is hit by Derek Stepan and loses puck.
15:37 of 2nd period - Marcus Johansson is hit by Tomas Hertl and loses puck.
16:04 of 2nd period - Derek Stepan is hit by Sean Couturier and loses puck.
16:16 of 2nd period - Sean Couturier is hit by Corey Perry and loses puck.
16:18 of 2nd period - Penalty to Dmitry Kulikov is over, Dmitry Kulikov is back on ice.
16:36 of 2nd period - Icing by Mark Fistric.
16:37 of 2nd period - Maxime Sauvé wins face-off versus Miro Aaltonen in Rangers zone.
16:46 of 2nd period - Snap shot by Devante Smith-Pelly.
16:46 of 2nd period - Shot Blocked by Troy Stetcher.
16:48 of 2nd period - Snap shot by Maxime Sauvé.
16:48 of 2nd period - Shot Misses the Net.
16:50 of 2nd period - Snap shot by Magnus Paajarvi.
16:50 of 2nd period - Stopped by Jonathan Bernier without a rebound.
16:51 of 2nd period - Erik Haula wins face-off versus Patrice Bergeron in Jets zone.
16:51 of 2nd period - Erik Haula is hit by Milan Lucic.
17:27 of 2nd period - Wrist shot by Rostislav Olesz.
17:27 of 2nd period - Shot Misses the Net.
17:43 of 2nd period - Corey Perry is hit by Steve Quailer and loses puck.
17:52 of 2nd period - Snap shot by Derek Stepan.
17:52 of 2nd period - Stopped by Frederik Andersen without a rebound.
17:53 of 2nd period - Ryan Johansen wins face-off versus Patrice Bergeron in Rangers zone.
18:00 of 2nd period - Wrist shot by Nino Niederreiter.
18:00 of 2nd period - Stopped by Frederik Andersen without a rebound.
18:01 of 2nd period - Patrice Bergeron wins face-off versus Ryan Johansen in Rangers zone.
18:01 of 2nd period - Patrice Bergeron is hit by Marco Scandella.
18:04 of 2nd period - Jakob Silfverberg is hit by Marco Scandella and loses puck.
18:59 of 2nd period - Wrist shot by Jakob Silfverberg.
18:59 of 2nd period - Stopped by Jonathan Bernier without a rebound.
19:00 of 2nd period - Derek Stepan wins face-off versus Sean Couturier in Jets zone.
19:07 of 2nd period - Snap shot by Tyler Myers.
19:07 of 2nd period - Stopped by Frederik Andersen without a rebound.
19:08 of 2nd period - Derek Stepan wins face-off versus Sean Couturier in Rangers zone.
19:40 of 2nd period - Sean Couturier is hit by Marcus Johansson and loses puck.
Goals for this period are 3 for Rangers vs 0 for Jets.
Shots for this period are 15 for Rangers vs 5 for Jets.
3rd period
0:01 of 3rd period - Ryan Johansen wins face-off versus Patrice Bergeron in neutral zone.
0:06 of 3rd period - Snap shot by Adam Henrique.
0:06 of 3rd period - Stopped by Frederik Andersen with a rebound.
0:14 of 3rd period - Wrist shot by Ryan Johansen.
0:14 of 3rd period - Shot Misses the Net.
0:16 of 3rd period - Wrist shot by Nino Niederreiter.
0:16 of 3rd period - Shot Misses the Net.
0:48 of 3rd period - Icing by Dwight King.
0:49 of 3rd period - Erik Haula wins face-off versus Maxime Sauvé in Jets zone.
0:53 of 3rd period - Off-side.
0:54 of 3rd period - Maxime Sauvé wins face-off versus Erik Haula in neutral zone.
1:02 of 3rd period - Off-side.
1:03 of 3rd period - Ryan Johansen wins face-off versus Patrice Bergeron in neutral zone.
1:06 of 3rd period - Slapshot by Nino Niederreiter.
1:06 of 3rd period - Shot Misses the Net.
1:30 of 3rd period - Cam Barker is hit by Victor Hedman and loses puck.
1:35 of 3rd period - Wrist shot by Derek Stepan.
1:35 of 3rd period - Goal by Derek Stepan - Rangers : 3 - Jets : 3.
1:36 of 3rd period - Patrice Bergeron wins face-off versus Derek Stepan in neutral zone.
1:52 of 3rd period - Slapshot by Marco Scandella.
1:52 of 3rd period - Stopped by Frederik Andersen without a rebound.
1:53 of 3rd period - Ryan Johansen wins face-off versus Sean Couturier in Rangers zone.
2:00 of 3rd period - Wrist shot by Nino Niederreiter.
2:00 of 3rd period - Stopped by Frederik Andersen without a rebound.
2:01 of 3rd period - Ryan Johansen wins face-off versus Sean Couturier in Rangers zone.
2:25 of 3rd period - Icing by Nino Niederreiter.
2:26 of 3rd period - Jakob Silfverberg wins face-off versus Erik Haula in Jets zone.
2:35 of 3rd period - Slapshot by Erik Haula.
2:35 of 3rd period - Shot Misses the Net.
3:13 of 3rd period - Steve Quailer is hit by Michael Matheson and loses puck.
3:40 of 3rd period - Ronalds Kenins is hit by Cam Barker.
3:56 of 3rd period - Snap shot by Milan Lucic.
3:56 of 3rd period - Stopped by Jonathan Bernier with a rebound.
5:22 of 3rd period - Snap shot by Steve Quailer.
5:22 of 3rd period - Shot Blocked by Dwight King.
5:24 of 3rd period - Slapshot by Chris Bourque.
5:24 of 3rd period - Shot Misses the Net.
5:32 of 3rd period - Snap shot by Tomas Hertl.
5:32 of 3rd period - Stopped by Jonathan Bernier with a rebound.
5:34 of 3rd period - Slapshot by Cam Barker.
5:34 of 3rd period - Shot Blocked by Michael Matheson.
5:36 of 3rd period - Snap shot by Steve Quailer.
5:36 of 3rd period - Shot Blocked by Michael Matheson.
5:38 of 3rd period - Slapshot by Cam Barker.
5:38 of 3rd period - Stopped by Jonathan Bernier without a rebound.
5:39 of 3rd period - Milan Lucic wins face-off versus Derek Stepan in Jets zone.
6:27 of 3rd period - Wrist shot by Ronalds Kenins.
6:27 of 3rd period - Goal by Ronalds Kenins - Rangers : 3 - Jets : 4.
6:28 of 3rd period - Patrice Bergeron wins face-off versus Derek Stepan in neutral zone.
6:45 of 3rd period - Wrist shot by Marcus Johansson.
6:45 of 3rd period - Shot Misses the Net.
7:19 of 3rd period - Snap shot by Dwight King.
7:19 of 3rd period - Stopped by Frederik Andersen without a rebound.
7:20 of 3rd period - Patrice Bergeron wins face-off versus Erik Haula in Rangers zone.
7:37 of 3rd period - Michael Matheson is hit by Patrice Bergeron and loses puck.
7:56 of 3rd period - Wrist shot by Derek Stepan.
7:56 of 3rd period - Stopped by Frederik Andersen with a rebound.
7:58 of 3rd period - Wrist shot by Derek Stepan.
7:58 of 3rd period - Shot Misses the Net.
8:00 of 3rd period - Slapshot by Troy Stetcher.
8:00 of 3rd period - Stopped by Frederik Andersen with a rebound.
8:02 of 3rd period - Slapshot by Michael Matheson.
8:02 of 3rd period - Stopped by Frederik Andersen with a rebound.
8:14 of 3rd period - Wrist shot by Rostislav Olesz.
8:14 of 3rd period - Shot Misses the Net.
8:16 of 3rd period - Backhand shot by Tomas Hertl.
8:16 of 3rd period - Stopped by Jonathan Bernier without a rebound.
8:17 of 3rd period - Tomas Hertl wins face-off versus Ryan Johansen in Jets zone.
9:08 of 3rd period - Marco Scandella is hit by Steve Quailer and loses puck.
9:13 of 3rd period - Slapshot by Chris Bourque.
9:13 of 3rd period - Stopped by Jonathan Bernier without a rebound.
9:14 of 3rd period - Patrice Bergeron wins face-off versus Derek Stepan in Jets zone.
9:19 of 3rd period - Slapshot by Jakob Silfverberg.
9:19 of 3rd period - Stopped by Jonathan Bernier without a rebound.
9:20 of 3rd period - Patrice Bergeron wins face-off versus Derek Stepan in Jets zone.
9:23 of 3rd period - Backhand shot by Jakob Silfverberg.
9:23 of 3rd period - Stopped by Jonathan Bernier with a rebound.
9:48 of 3rd period - Slapshot by Cam Barker.
9:48 of 3rd period - Shot Misses the Net.
9:50 of 3rd period - Snap shot by Luke Schenn.
9:50 of 3rd period - Stopped by Jonathan Bernier with a rebound.
9:52 of 3rd period - Slapshot by Luke Schenn.
9:52 of 3rd period - Stopped by Jonathan Bernier with a rebound.
9:54 of 3rd period - Slapshot by Milan Lucic.
9:54 of 3rd period - Stopped by Jonathan Bernier without a rebound.
9:55 of 3rd period - Sean Couturier wins face-off versus Ryan Johansen in Jets zone.
9:56 of 3rd period - Wrist shot by Rostislav Olesz.
9:56 of 3rd period - Stopped by Jonathan Bernier without a rebound.
9:57 of 3rd period - Sean Couturier wins face-off versus Ryan Johansen in Jets zone.
10:27 of 3rd period - Off-side.
10:28 of 3rd period - Erik Haula wins face-off versus Tomas Hertl in neutral zone.
10:31 of 3rd period - Cam Barker is hit by Dwight King and loses puck.
10:42 of 3rd period - Snap shot by Erik Haula.
10:42 of 3rd period - Shot Blocked by Steve Quailer.
10:44 of 3rd period - Snap shot by Jimmy Vesey.
10:44 of 3rd period - Deflect By Dwight King.
10:44 of 3rd period - Shot Blocked by Chris Bourque.
10:44 of 3rd period - Puck is out of play.
10:45 of 3rd period - Patrice Bergeron wins face-off versus Ryan Johansen in Rangers zone.
10:45 of 3rd period - Patrice Bergeron is hit by Adam Henrique.
11:12 of 3rd period - Tyler Myers is hit by Chris Bourque and loses puck.
11:19 of 3rd period - Marco Scandella is hit by Tomas Hertl and loses puck.
11:46 of 3rd period - Snap shot by Jimmy Vesey.
11:46 of 3rd period - Shot Misses the Net.
11:48 of 3rd period - Slapshot by Michael Matheson.
11:48 of 3rd period - Shot Misses the Net.
11:54 of 3rd period - Minor Penalty to Dmitry Kulikov for High sticking.
11:55 of 3rd period - Milan Lucic wins face-off versus Ryan Johansen in Rangers zone.
12:04 of 3rd period - Jakob Silfverberg is hit by Nino Niederreiter and loses puck.
12:09 of 3rd period - Slapshot by Ryan Johansen.
12:09 of 3rd period - Stopped by Frederik Andersen with a rebound.
12:11 of 3rd period - Slapshot by Victor Hedman.
12:11 of 3rd period - Shot Misses the Net.
12:49 of 3rd period - Snap shot by Derek Stepan.
12:49 of 3rd period - Deflect By Matt Delahey.
12:49 of 3rd period - Shot Misses the Net.
12:49 of 3rd period - Puck is out of play.
12:50 of 3rd period - Milan Lucic wins face-off versus Marcus Johansson in Rangers zone.
13:17 of 3rd period - Jakob Silfverberg is hit by Dougie Hamilton and loses puck.
13:46 of 3rd period - Tomas Hertl is hit by Marcus Johansson and loses puck.
13:54 of 3rd period - Penalty to Dmitry Kulikov is over, Dmitry Kulikov is back on ice.
14:21 of 3rd period - Dwight King is hit by Matt Delahey and loses puck.
14:34 of 3rd period - Snap shot by Chris Bourque.
14:34 of 3rd period - Stopped by Jonathan Bernier without a rebound.
14:35 of 3rd period - Derek Stepan wins face-off versus Sean Couturier in Jets zone.
14:40 of 3rd period - Slapshot by Marco Scandella.
14:40 of 3rd period - Stopped by Frederik Andersen with a rebound.
15:03 of 3rd period - Wrist shot by Ryan Johansen.
15:03 of 3rd period - Stopped by Frederik Andersen with a rebound.
15:13 of 3rd period - Dougie Hamilton is hit by Cam Barker and loses puck.
15:17 of 3rd period - Icing by Dougie Hamilton.
15:18 of 3rd period - Ryan Johansen wins face-off versus Sean Couturier in Jets zone.
15:30 of 3rd period - Michael Matheson is hit by Rostislav Olesz and loses puck.
16:11 of 3rd period - Wrist shot by Jimmy Vesey.
16:11 of 3rd period - Stopped by Frederik Andersen without a rebound.
16:12 of 3rd period - Sean Couturier wins face-off versus Ronalds Kenins in Rangers zone.
16:14 of 3rd period - Minor Penalty to Kyle Okposo for Hooking.
16:15 of 3rd period - Marcus Johansson wins face-off versus Milan Lucic in Rangers zone.
16:51 of 3rd period - Snap shot by Corey Perry.
16:51 of 3rd period - Deflect By Adam Henrique.
16:51 of 3rd period - Stopped by Frederik Andersen without a rebound.
16:52 of 3rd period - Ryan Johansen wins face-off versus Milan Lucic in Rangers zone.
17:03 of 3rd period - Slapshot by Nino Niederreiter.
17:03 of 3rd period - Shot Misses the Net.
18:14 of 3rd period - Penalty to Kyle Okposo is over, Kyle Okposo is back on ice.
18:27 of 3rd period - Snap shot by Dwight King.
18:27 of 3rd period - Shot Blocked by Mark Fistric.
18:45 of 3rd period - Rangers, Frederik Andersen is pulled from the net.
18:45 of 3rd period - Slapshot by Dmitry Kulikov.
18:45 of 3rd period - Stopped by Jonathan Bernier without a rebound.
18:46 of 3rd period - Michel Therrien call a timeout for Rangers.
18:46 of 3rd period - Miro Aaltonen wins face-off versus Patrice Bergeron in Jets zone.
18:51 of 3rd period - Miro Aaltonen is hit by Luke Schenn and loses puck.
19:10 of 3rd period - Slapshot by Jakob Silfverberg.
19:10 of 3rd period - Shot Misses the Net.
19:12 of 3rd period - Snap shot by Jakob Silfverberg.
19:12 of 3rd period - Shot Blocked by Tyler Myers.
19:14 of 3rd period - Slapshot by Cam Barker.
19:14 of 3rd period - Shot Hit the Post.
19:16 of 3rd period - Slapshot by Milan Lucic.
19:16 of 3rd period - Stopped by Jonathan Bernier without a rebound.
19:17 of 3rd period - Patrice Bergeron wins face-off versus Ryan Johansen in Jets zone.
19:40 of 3rd period - Wrist shot by Milan Lucic.
19:40 of 3rd period - Shot Misses the Net.
19:56 of 3rd period - Snap shot by Jakob Silfverberg.
19:56 of 3rd period - Shot Misses the Net.
19:58 of 3rd period - Wrist shot by Jakob Silfverberg.
19:58 of 3rd period - Stopped by Jonathan Bernier without a rebound.
19:59 of 3rd period - Ryan Johansen wins face-off versus Patrice Bergeron in Jets zone.
19:59 of 3rd period - Ryan Johansen is hit by Patrice Bergeron.
Goals for this period are 0 for Rangers vs 2 for Jets.
Shots for this period are 15 for Rangers vs 14 for Jets.